Map: Infestation

Players

Grumm

  • Race: Zerg Zerg
  • League: Gold
  • Spawn Location: 9:00

azzkicker

  • Race: Zerg Zerg
  • Spawn Location: 9:00

xGhost - Winner!

  • Race: Zerg Zerg
  • League: Silver
  • Spawn Location: 3:00

SON - Winner!

  • Race: Terran Terran
  • Spawn Location: 3:00

VOD

Have the link to the VOD?

Description

Time

  • Played on: Feb. 13, 2016, 3:09 p.m.
  • Length: 17:35
Show
View Real Time Build Order
Export as new Build Order

Grumm Zerg 

Build Orders: Hatch First 

Get SALT Encoding   

  12  0:28  Hatchery  
  11  0:32  Drone  
  12  0:37  Drone  
  13  0:46  Overlord  
  13  0:50  Drone  
  14  1:06  Extractor  
  14  1:10  Spawning Pool  
  12  1:12  Drone  
  13  1:19  Drone  
  13  1:24  Drone  
  15  1:31  Drone  
  16  1:40  Drone x2  
  18  1:58  Evolution Chamber  
  18  1:59  Queen  
  19  2:18  Drone  
  19  2:19  Drone x4  
  24  2:25  Overlord  
  24  2:36  Drone  
  24  2:37  Drone  
  26  2:44  Zergling x2  
  26  2:45  Zergling x2  
  28  2:56  Queen  
  28  2:57  Queen  
  33  3:05  Drone  
  33  3:06  Drone x2  
  33  3:12  Overlord  
  35  3:17  Overlord  
  35  3:18  Drone  
  36  3:38  Zergling x10  
  41  3:45  Zergling x2  
  42  3:52  Queen  
  42  3:53  Overlord  
  44  4:01  Pneumatized Carapace  
  44  4:04  Zergling x2  
  44  4:05  Zergling x6  
  48  4:23  Drone  
  48  4:24  Drone x4  
  53  4:26  Extractor  
  52  4:32  Roach Warren  
  51  4:40  Zerg Melee Weapons Level 1  
  40  5:30  Roach  
  40  5:31  Roach x8  
  58  5:36  Lair  
  58  5:40  Extractor  
  58  5:42  Extractor  
  42  6:14  Spore Crawler  
  39  6:30  Spore Crawler  
  38  6:41  Drone x2  
  38  6:42  Drone x6  
  46  6:48  Spore Crawler  
  45  7:17  Roach  
  45  7:18  Roach x5  
  45  7:22  Spire  
  37  7:42  Drone x4  
  37  7:43  Queen  
  43  7:57  Glial Reconstitution  
  43  7:59  Overlord x2  
  43  8:17  Queen  
  45  8:33  Roach x6  
  55  9:13  Mutalisk x3  
  55  9:15  Overlord  
  55  9:16  Overlord x3  
  59  9:20  Drone x2  
  53  9:33  Overlord x2  
  53  9:44  Zerg Missile Weapons Level 1  
  53  9:47  Mutalisk  
  53  9:48  Mutalisk x2  
  59  9:58  Zergling x4  
  59  9:59  Zergling x4  
  63  10:02  Mutalisk x3, Zerg Flyer Weapons Level 1  
  69  10:11  Drone  
  54  11:35  Mutalisk  
  54  11:36  Mutalisk x11  
  64  12:14  Roach x2  
  64  12:15  Roach x4  
  72  12:48  Zergling x2  
  72  12:49  Zergling x18  
  64  13:08  Roach x5  
  55  13:26  Roach  
  45  13:27  Roach x4  
  45  13:36  Queen x2  
  45  13:41  Roach  
  45  13:42  Roach x4  
  53  14:10  Hatchery  
  53  14:11  Zergling x2  
  53  14:12  Zergling x14  
  53  14:13  Metabolic Boost  
  60  14:30  Hatchery  
  25  15:24  Zergling x22  
  25  15:25  Zergling x10  
  39  15:31  Drone x2  
  41  15:41  Drone x3  
  41  15:42  Drone x3  
  47  15:47  Drone  
  33  16:33  Roach  
  33  16:34  Roach x10  
  33  16:39  Roach x5  
  36  17:13  Zergling x6  
  36  17:14  Zergling x12  
Show
View Real Time Build Order
Export as new Build Order

azzkicker Zerg 

Build Orders: Hatch First, Lurkers 

Get SALT Encoding   

  12  0:01  Drone  
  13  0:12  Drone  
  14  0:17  Overlord  
  14  0:48  Drone  
  14  0:49  Hatchery  
  14  0:52  Drone  
  14  0:56  Drone  
  16  0:59  Extractor  
  16  1:03  Drone  
  16  1:10  Drone  
  17  1:21  Drone  
  18  1:27  Spawning Pool  
  18  1:32  Drone  
  18  1:42  Drone  
  19  1:55  Drone  
  20  2:02  Extractor  
  20  2:04  Drone  
  20  2:06  Drone  
  21  2:14  Lair, Queen  
  23  2:16  Drone  
  24  2:27  Drone, Spine Crawler  
  24  2:29  Drone  
  25  2:33  Drone  
  26  2:42  Spine Crawler  
  25  2:48  Spine Crawler  
  24  2:57  Drone x3  
  27  3:04  Overlord  
  27  3:09  Overlord  
  27  3:17  Spine Crawler  
  26  3:47  Spine Crawler  
  25  3:52  Spine Crawler  
  24  4:15  Hatchery  
  23  4:51  Hydralisk Den  
  22  4:53  Drone x3  
  22  4:54  Queen  
  27  5:25  Lurker Den  
  27  5:29  Drone x2  
  27  5:30  Drone  
  27  5:32  Drone, Queen  
  33  6:14  Drone x3  
  33  6:17  Hydralisk x2  
  33  6:18  Hydralisk x2, Extractor  
  41  6:19  Overlord  
  41  6:20  Overlord  
  43  6:44  Hydralisk x2  
  43  6:46  Drone x5  
  52  6:52  Lurker x4  
  56  7:17  Lurker  
  56  7:19  Lurker  
  56  7:20  Hydralisk  
  60  7:25  Overlord  
  60  7:26  Overlord x4  
  60  7:27  Nydus Network  
  59  7:32  Extractor  
  58  8:01  Lurker  
  58  8:04  Hydralisk x3  
  58  8:05  Hydralisk x3  
  69  8:11  Nydus Canal  
  71  8:24  Overseer  
  58  8:56  Nydus Canal  
  58  8:57  Hydralisk  
  58  8:58  Hydralisk x4  
  58  9:01  Drone x3  
  58  9:02  Drone x2  
  73  9:03  Drone x4  
  57  9:29  Spire  
  56  10:00  Hatchery  
  54  10:24  Drone  
  56  10:40  Mutalisk x2  
  56  10:41  Mutalisk x6  
  69  10:43  Mutalisk x3  
  66  10:54  Hatchery  
  54  11:12  Lurker x2  
  56  11:26  Hatchery  
  56  11:27  Drone x4  
  56  11:28  Drone x4  
  63  11:34  Lurker  
  64  11:52  Lurker  
  65  12:08  Lurker  
  30  13:18  Extractor  
  29  13:55  Hydralisk x3  
  29  14:01  Queen  
  37  14:34  Lurker x2  
  39  14:40  Lurker  
  39  14:44  Drone x3  
  44  14:45  Drone x2  
  44  14:46  Drone, Queen  
  48  14:55  Drone  
  49  15:55  Spore Crawler x3  
  46  16:10  Drone  
  46  16:11  Drone x2  
  37  16:22  Hydralisk  
  37  16:24  Hydralisk x3  
  20  16:44  Mutalisk  
  21  16:49  Mutalisk  
Show
View Real Time Build Order
Export as new Build Order

xGhost Zerg - Winner!

Build Orders: Pool First 

Get SALT Encoding   

  12  0:01  Drone  
  13  0:11  Drone  
  14  0:19  Extractor  
  13  0:24  Drone  
  14  0:36  Drone, Spawning Pool  
  14  0:40  Extractor  
  13  0:43  Drone  
  15  0:52  Overlord  
  15  1:10  Drone x3  
  18  1:23  Metabolic Boost  
  18  1:30  Zergling x2  
  18  1:31  Queen  
  21  1:38  Overlord  
  21  2:01  Zergling x4  
  23  2:08  Drone  
  24  2:17  Baneling Nest  
  24  2:18  Zergling x2  
  24  2:38  Drone x2  
  24  2:39  Spine Crawler  
  25  3:04  Hatchery  
  24  3:06  Drone  
  24  3:10  Roach Warren  
  24  3:11  Lair  
  24  3:13  Drone  
  24  3:14  Drone  
  26  3:43  Overlord x2  
  26  4:03  Extractor  
  25  4:11  Drone x3  
  25  4:13  Glial Reconstitution  
  25  4:15  Roach  
  30  4:18  Roach x2  
  34  4:35  Queen  
  36  4:46  Zergling x8  
  37  5:12  Roach x2  
  37  5:13  Roach x4  
  48  5:27  Drone  
  48  5:28  Drone x3  
  48  5:47  Ravager  
  48  5:48  Ravager  
  48  5:49  Overlord  
  50  5:58  Extractor  
  49  6:04  Ravager  
  49  6:07  Ravager  
  51  6:15  Overseer  
  51  6:33  Drone  
  51  6:34  Drone x8  
  51  6:36  Overlord x3  
  60  6:43  Infestation Pit  
  59  6:52  Pneumatized Carapace  
  59  6:56  Drone x5  
  59  7:00  Extractor  
  62  7:27  Evolution Chamber x2  
  60  7:30  Drone x3  
  60  7:31  Drone x3  
  60  7:32  Drone x2  
  68  8:00  Zerg Ground Armor Level 1, Zerg Missile Weapons Level 1  
  68  8:02  Hive  
  68  8:08  Hatchery  
  67  8:18  Overlord x3  
  67  8:32  Roach x8  
  67  8:57  Overseer  
  63  9:45  Hatchery  
  62  9:47  Ultralisk Cavern  
  61  9:54  Zerg Melee Weapons Level 1  
  61  9:56  Zerg Ground Armor Level 2  
  61  9:58  Hatchery  
  60  10:46  Chitinous Plating  
  60  10:48  Ultralisk x5  
  90  10:50  Zergling x18  
  90  10:51  Zergling x2  
  90  10:53  Overlord x5  
  95  11:07  Spore Crawler  
  95  11:09  Spore Crawler  
  85  11:12  Spore Crawler  
  79  11:42  Queen  
  79  11:43  Queen  
  83  11:51  Spore Crawler  
  83  11:53  Spore Crawler  
  54  12:38  Queen  
  54  12:41  Drone x3  
  54  12:42  Drone  
  60  12:44  Drone x2  
  60  12:45  Drone x7  
  60  12:46  Drone x2  
  59  13:24  Ultralisk x2  
  71  13:32  Ultralisk  
  71  13:47  Drone x5  
  70  13:58  Overseer  
  70  14:18  Extractor  
  70  14:19  Adrenal Glands  
  70  14:21  Ultralisk x2  
  70  14:22  Zergling x4  
  70  14:23  Zergling x8, Extractor  
  86  14:30  Extractor  
  74  15:45  Zergling x2  
  74  15:46  Zergling x22  
  74  15:47  Ultralisk x2  
  74  15:48  Zergling x8  
  74  15:49  Zergling x8  
  106  16:11  Drone x3  
  107  16:12  Drone x2  
  107  16:15  Drone x3  
  113  16:26  Overlord  
  113  16:27  Overlord x2  
  113  16:38  Spore Crawler  
  112  16:41  Spore Crawler  
  111  16:51  Queen  
  113  16:56  Drone x3  
  113  16:57  Drone x4  
  118  17:03  Drone x2  
  118  17:04  Drone x2, Extractor  
  139  17:09  Overlord x2  
Show
View Real Time Build Order
Export as new Build Order

SON Terran - Winner!

Build Orders: Liberator Opening 

Get SALT Encoding   

  12  0:01  SCV  
  13  0:20  SCV  
  14  0:23  Supply Depot  
  14  0:32  SCV  
  15  0:44  SCV  
  15  0:45  Barracks  
  16  0:51  Refinery  
  16  0:53  Refinery  
  16  0:56  SCV  
  17  1:10  SCV  
  18  1:22  SCV  
  19  1:34  Marine  
  19  1:36  Orbital Command  
  20  1:45  Factory  
  20  1:55  Marine  
  21  2:03  SCV  
  22  2:15  SCV  
  23  2:25  Barracks Tech Lab  
  23  2:30  Starport  
  23  2:47  Bunker  
  23  2:51  Factory Tech Lab  
  23  3:00  Starport  
  23  3:08  Supply Depot  
  23  3:13  SCV  
  23  3:16  Command Center  
  23  3:17  Starport Reactor, Siege Tank  
  27  3:24  Marine  
  27  3:25  SCV  
  29  3:37  SCV  
  30  3:45  Starport Reactor  
  30  3:49  Siege Tank  
  30  3:53  Liberator  
  36  4:28  Marine  
  36  4:30  Liberator  
  37  4:38  Orbital Command  
  37  4:41  Refinery  
  37  4:44  Barracks  
  37  4:45  Barracks  
  37  4:46  Marine  
  37  4:48  Barracks  
  41  5:05  Marine  
  35  5:23  Marine  
  36  5:41  Marine  
  36  5:42  SCV x2  
  39  5:54  SCV  
  40  5:59  Marine  
  41  6:06  Barracks Tech Lab  
  41  6:07  Barracks Reactor x2  
  38  6:16  Marine  
  39  6:23  SCV x2  
  41  6:31  Marine  
  42  6:34  Marine  
  42  6:35  SCV  
  44  6:49  Marine  
  44  6:50  Medivac x4  
  44  6:52  Marine  
  54  7:00  Marine  
  54  7:02  Marine  
  54  7:03  Marine  
  54  7:06  Marine  
  54  7:13  Widow Mine  
  49  7:40  Medivac  
  49  7:41  Medivac  
  49  7:42  Marine  
  54  7:50  Supply Depot  
  54  8:05  Supply Depot  
  54  8:06  Supply Depot  
  54  8:07  Supply Depot  
  54  8:09  Supply Depot  
  54  8:11  Widow Mine, Marine x2, SCV  
  59  8:27  Command Center  
  59  8:28  Marine  
  59  8:29  Engineering Bay, Marine x2  
  58  8:54  Marine x5  
  58  8:55  Marine  
  50  9:19  Marine x3  
  52  9:36  Marine x3  
  52  9:37  Marine x3  
  58  9:46  SCV  
  58  9:50  Terran Infantry Armor Level 1  
  58  9:51  Engineering Bay  
  59  9:52  Armory  
  59  9:56  Orbital Command  
  59  10:00  SCV  
  59  10:01  SCV  
  59  10:02  Refinery  
  59  10:06  Command Center  
  61  10:13  SCV x2  
  63  10:25  SCV x2  
  65  10:37  SCV  
  65  10:38  Marine x5  
  65  10:39  Marine  
  72  10:56  Marine x6  
  78  10:59  Siege Tank  
  81  11:13  Marine  
  81  11:14  Marine x5  
  74  11:31  Marine x2, Siege Tank  
  74  11:32  Marine x3  
  81  11:49  Orbital Command  
  81  11:53  Marine x3  
  84  12:16  Marine x5  
  81  12:38  Marine x3  
  81  12:39  Marine  
  55  12:59  Marine x2  
  55  13:02  Marine x2  
  55  13:03  Marine  
  43  13:21  Marine  
  33  13:31  Marine  
  30  13:43  SCV x3  
  30  13:46  Marine x4  
  36  13:58  Terran Infantry Armor Level 2  
  36  13:59  Terran Infantry Weapons Level 1  
  36  14:14  Combat Shields  
  36  14:18  Medivac x2  
  36  14:21  Hellion  
  41  14:31  Marine  
  41  14:32  Marine x5  
  47  14:43  Hellion  
  46  14:49  Marine x3  
  46  14:50  Marine  
  48  15:04  Marine x2  
  50  15:07  Marine x2  
  52  15:16  Marine x2  
  52  15:20  SCV x2  
  57  15:22  Orbital Command, Marine x2  
  58  15:32  SCV x2  
  60  15:38  Marine x4  
  60  15:40  Marine x2  
  66  15:48  Medivac  
  66  15:49  Medivac  
  66  16:05  Marine x5  
  68  16:20  Orbital Command  
  65  16:38  Marine  
  65  16:39  Marine x5  
  71  16:56  Marine  
  71  16:57  Marine x5  
  77  17:14  Marine  
Tags
 
Add a new tag
Caveats
  • Supply blocks, unpowered buildings, or Contaminate may cause inaccurate times.
  • Supply counts are checked every 10 seconds.